 Dungeon Crawl Stone Soup version 0.27-a0-1184-ge86db4a01e (webtiles) character file.

Game seed: 13528161447747031557

108 bande the Covered (level 4, 0/29 HPs)
             Began as a Gargoyle Fighter on May 19, 2021.
             Slain by Natasha (1 damage)
             ... on level 2 of the Dungeon.
             The game lasted 00:05:08 (2544 turns).

bande the Covered (Gargoyle Fighter)                Turns: 2544, Time: 00:05:09

Health: 0/29       AC: 11    Str: 20      XL:     4   Next: 87%
Magic:  4/4        EV:  7    Int:  6 (8)  God:
Gold:   47         SH: 10    Dex:  9 (10) Spells: 3/3 levels left

rFire    . . .     SeeInvis .   a - +0 war axe
rCold    . . .     Faith    .   c - +1 kite shield
rNeg     + . .     Spirit   .   b - +0 scale mail
rPois    ∞         Reflect  .   k - +0 helmet
rElec    +         Harm     .   (no cloak)
rCorr    .         Rampage  .   (no gloves)
Will     .....                  (no boots)
Stlth    ..........             (no amulet)
HPRegen  0.09/turn              (no ring)
MPRegen  0.09/turn              (no ring)

@: slowed, very slow
A: sickness immunity, AC +3, negative energy resistance 1, electricity
resistance, torment resistance 1, petrification resistance
a: no special abilities


You were on level 2 of the Dungeon.
You visited 1 branch of the dungeon, and saw 2 of its levels.

You collected 47 gold pieces.

Inventory:

Hand Weapons
 a - a +0 war axe (weapon)
Missiles
 i - 8 atropa-tipped darts (quivered)
Armour
 b - a +0 scale mail (worn)
 c - a +1 kite shield (worn)
 k - a +0 helmet (worn)
Jewellery
 l - a ring of magical power
Scrolls
 e - 2 scrolls of teleportation
 f - 2 scrolls of identify
Potions
 d - a potion of might
 g - 2 potions of curing


   Skills:
 + Level 3.7 Fighting
 + Level 3.1 Axes
 + Level 4.0 Armour
 + Level 0.5 Dodging
 + Level 3.9 Shields


You had 3 spell levels left.
You didn't know any spells.
Your spell library contained the following spells:

 Spells                   Type           Power      Damage    Failure   Level
 Animate Skeleton         Necr           0%         N/A       99%         1
 Pain                     Necr           0%         1d4       99%         1
 Shock                    Conj/Air       0%         1d3       99%         1
 Static Discharge         Conj/Air       0%         N/A       100%        2
 Swiftness                Air            0%         N/A       100%        3
 Vampiric Draining        Necr           0%         2d6       100%        3
 Airstrike                Air            0%         N/A       100%        4
 Animate Dead             Necr           0%         N/A       100%        4
 Agony                    Necr           0%         N/A       100%        5
 Lightning Bolt           Conj/Air       0%         1d11      100%        5


Dungeon Overview and Level Annotations

Branches:
Dungeon (2/15)

Altars:

Annotations:
D:2 Natasha


Innate Abilities, Weirdness & Mutations

You are immune to sickness and miasma.
Your stone body is resilient. (AC +3)
You are immune to poison.
You resist negative energy. (rN+)
You are resistant to electric shocks. (rElec)
You are resistant to unholy torment.
You are immune to petrification.


Message History

You barely miss Natasha.
Natasha drinks a potion.
Natasha flickers and vanishes!
Deactivating autopickup; reactivate with Ctrl-A.
No target in view!
No target in view!
No target in view!
No target in view!
No target in view!
No target in view!
No target in view!
No target in view!
Unknown command.
You miss something.
Something claws you but does no damage. x2
You closely miss something.
You hear some strange, mumbled words. x2
Something tries to affect you, but you resist.
You barely miss something. You hit the iron imp but do no damage.
Something claws you but does no damage. The iron imp hits you.
You miss something. You hit the iron imp but do no damage.
You block something's attack. The iron imp closely misses you.
Something claws you but does no damage.
You miss something. You closely miss the iron imp.
You block the iron imp's attack. Something claws you but does no damage.
You miss something. You hit the iron imp.
You hear some strange, mumbled words.
You feel yourself slow down. You block the iron imp's attack.
Something claws you.
You slash something! You barely miss the iron imp.
You block the iron imp's attack. Something claws you but does no damage.
You block the iron imp's attack. Something claws you!
You barely miss something. You closely miss the iron imp. Something claws you.
The iron imp barely misses you. Something claws you but does no damage.
The iron imp hits you. Something claws you!
* * * LOW HITPOINT WARNING * * *
You miss something. You closely miss the iron imp.
The iron imp completely misses you. Something claws you.
* * * LOW HITPOINT WARNING * * *
You block the iron imp's attack. Something claws you but does no damage.
You closely miss something. You hit the iron imp. Something claws you.
You die...

#....#
#.........#
###.#..####
####.######
#^..#.....#
#.#
#.####....#
#.# ..#
#....# ####.#
### #....#
#....# #....#
###.####
######....#
#5..#
#.........#
##@###
..####....#
##.{# ###
#(.<.####..##
#......##.##
#.........#
#.......###
#...........
#......#####
#...>..#


You could see an iron imp (summoned).

Vanquished Creatures
  Natasha (D:2)
  Robin (D:1)
  A worm (D:2)
  3 dart slugs
  4 ball pythons
  3 endoplasms
  2 giant cockroaches (D:2)
  11 goblins
  9 hobgoblins
  11 jackals (D:1)
  A quokka (D:1)
  4 bats
  4 frilled lizards
  A rat (D:2)
56 creatures vanquished.

Notes
Turn   | Place    | Note
-------+----------+-------------------------------------------
     0 | D:1      | bande the Gargoyle Fighter began the quest for the Orb.
     0 | D:1      | Reached XP level 1. HP: 14/14 MP: 1/1
   316 | D:1      | Found a faded altar of an unknown god.
   336 | D:1      | Reached XP level 2. HP: 19/19 MP: 2/2
   825 | D:1      | Reached XP level 3. HP: 21/23 MP: 3/3
  1310 | D:2      | Noticed Robin
  1405 | D:1      | HP: 1/23 [Robin/+0 dagger (1)]
  1406 | D:1      | Killed Robin
  1407 | D:1      | Reached XP level 4. HP: 2/28 MP: 4/4
  2208 | D:2      | Noticed Natasha
  2229 | D:2      | Killed Natasha
  2239 | D:2      | Reached skill level 4 in Armour
  2530 | D:2      | Noticed Natasha
  2543 | D:2      | HP: 1/29 [something (4)]
  2544 | D:2      | Slain by Natasha

Illustrated notes

Levels and vault maps discovered:
D:1:      elethiomel_arrival_maze, layout_basic, ebering_ecumenical_altar_hall
D:2:      layout_rooms, uniq_robin, uniq_natasha

Skill      XL: |  1  2  3  4 |
---------------+-------------+-----
Axes           | 2 3 |  3.1
Armour         | 4 |  4.0
Fighting       | |  3.7
Dodging        | |  0.5
Shields        | |  3.9

Action                   |  1- 3 |  4- 6 || total
-------------------------+-------+-------++-------
Melee: War axe           |   107 |    73 ||   180
  Use: Scroll            |     3 |     2 ||     5
       Potion            |     1 |     3 ||     4
Armor: Scale mail        |    93 |    64 ||   157
Dodge: Dodged            |    68 |    27 ||    95
Block: Kite shield       |    72 |    46 ||   118

Table legend: (Time is in decaauts)
 A = Elapsed time spent in this place.
 B = Non-inter-level travel time spent in this place.
 C = Inter-level travel time spent in this place.
 D = Time resting spent in this place.
 E = Time spent auto-exploring this place.
 F = Levels seen in this place.
 G = Mean time per level.
                   A        B        C        D        E       F      G
               +--------+--------+--------+--------+--------+-----+--------+
         Total |   2665 |   2665 |      0 |    868 |   1203 |   2 | 1332.5 |
       Dungeon |   2665 |   2665 |      0 |    868 |   1203 |   2 | 1332.5 |
               +--------+--------+--------+--------+--------+-----+--------+

Top non-repeatable levels by time:
     D:1: 1779 daAuts
     D:2: 885 daAuts
